Map: King's Cove LE

Players

TITANMASTER

  • Race: Terran Terran
  • League: Gold
  • Spawn Location: 5:00

Zeky - Winner!

  • Race: Zerg Zerg
  • League: Gold
  • Spawn Location: 11:00

VOD

Have the link to the VOD?

Description

Time

  • Played on: June 24, 2019, 2:44 p.m.
  • Length: 12:58
Show
View Real Time Build Order
Export as new Build Order

TITANMASTER Terran 

Build Orders:  

Get SALT Encoding   

  12  0:01  SCV  
  13  0:14  SCV  
  13  0:21  Supply Depot  
  14  0:26  SCV  
  15  0:35  Refinery  
  15  0:44  Barracks  
  15  0:47  SCV  
  16  0:59  SCV  
  17  1:11  SCV  
  17  1:17  Barracks  
  18  1:24  SCV  
  19  1:43  SCV  
  20  1:48  Supply Depot  
  20  1:51  Barracks Reactor  
  20  1:56  Orbital Command  
  20  2:06  Barracks Tech Lab  
  20  2:07  Supply Depot  
  20  2:19  Factory  
  21  2:22  SCV  
  21  2:40  SCV  
  22  2:46  Marine x3  
  22  2:49  Stimpack  
  25  2:56  Engineering Bay  
  25  3:00  Refinery  
  25  3:05  SCV  
  26  3:11  Marine x3  
  29  3:17  SCV  
  30  3:20  Factory Tech Lab  
  30  3:29  SCV, Terran Infantry Weapons Level 1  
  31  3:35  Marine x3  
  34  3:43  Supply Depot  
  34  3:45  Cyclone  
  37  3:48  SCV  
  37  3:53  Marine  
  39  4:00  SCV, Marine x2  
  42  4:10  Supply Depot  
  42  4:23  Hellion  
  44  4:24  Marine  
  44  4:25  Marine x2  
  47  4:45  Hellion  
  48  5:08  Command Center  
  48  5:09  Refinery  
  33  5:43  SCV  
  34  5:52  Siege Tank  
  34  5:54  Marine  
  34  5:55  SCV, Marine x2  
  41  6:07  SCV  
  42  6:12  Marine  
  42  6:13  Marine x2  
  42  6:14  Terran Infantry Armor Level 1  
  42  6:15  Combat Shield  
  45  6:19  SCV  
  45  6:23  Starport  
  45  6:24  Siege Tank  
  49  6:27  Factory  
  49  6:30  Marine x3  
  52  6:48  Marine x3  
  55  6:57  SCV  
  55  6:58  Orbital Command  
  56  7:05  Marine  
  56  7:06  Marine x2  
  59  7:09  SCV, Siege Tank  
  59  7:11  Command Center  
  63  7:21  SCV  
  64  7:23  Marine  
  64  7:24  Marine x2  
  69  7:30  Hellion  
  69  7:34  Viking  
  71  7:41  Marine  
  71  7:42  Marine  
  73  8:11  Medivac  
  37  9:01  Marine  
  37  9:02  Marine x2  
  40  9:06  Siege Tank  
  40  9:07  Hellion  
  45  9:11  Medivac  
  47  9:19  Marine x3  
  50  9:26  Armory  
  50  9:28  Hellion  
  50  9:29  Orbital Command  
  52  9:34  SCV  
  52  9:37  Marine x3  
  52  9:38  Siege Tank  
  59  9:45  Refinery  
  59  9:46  SCV  
  62  9:54  Marine  
  62  9:55  Marine x2  
  62  9:57  Factory Reactor  
  62  9:58  SCV  
  64  10:10  SCV  
  64  10:13  Sensor Tower, Marine  
  66  10:22  SCV  
  67  10:33  Thor  
  73  10:38  Marine x2  
  73  10:39  Sensor Tower  
  76  10:45  Marauder  
  77  10:54  Terran Vehicle Weapons Level 1, Ghost Academy  
  77  10:56  Marine x2  
  79  10:58  Concussive Shells  
  79  11:06  Marauder  
  81  11:14  Marine x2  
  81  11:16  Cyclone, Supply Depot  
  86  11:27  Ghost  
  86  11:32  Hellion x2  
  92  11:39  Supply Depot  
  92  11:41  Starport Tech Lab  
  92  11:48  Thor  
  98  12:01  Supply Depot  
Show
View Real Time Build Order
Export as new Build Order

Zeky Zerg - Winner!

Build Orders: Hatch First 

Get SALT Encoding   

  12  0:01  Drone  
  13  0:13  Drone  
  14  0:17  Overlord  
  14  0:36  Drone x3  
  17  0:56  Hatchery  
  16  1:01  Drone  
  17  1:12  Spawning Pool  
  17  1:14  Drone  
  17  1:18  Drone  
  18  1:26  Drone  
  18  1:30  Extractor  
  18  1:39  Drone  
  19  2:08  Drone x4  
  23  2:09  Queen x2  
  27  2:23  Overlord  
  27  2:26  Drone  
  28  2:39  Overlord, Hatchery  
  28  2:40  Drone  
  28  2:43  Drone  
  29  2:46  Drone  
  30  2:54  Queen  
  32  3:01  Queen  
  32  3:04  Drone  
  35  3:10  Drone x2  
  35  3:12  Drone  
  38  3:14  Drone  
  38  3:19  Drone x2  
  41  3:28  Drone  
  41  3:29  Drone x2  
  44  3:56  Evolution Chamber  
  44  3:59  Evolution Chamber  
  42  4:03  Queen  
  42  4:04  Queen  
  42  4:05  Queen  
  42  4:07  Drone x2  
  50  4:13  Overlord x2  
  50  4:14  Overlord x2  
  50  4:24  Zerg Melee Weapons Level 1  
  50  4:25  Zerg Ground Armor Level 1  
  50  4:32  Baneling Nest, Drone  
  50  4:36  Zergling x8  
  50  4:37  Zergling x10  
  59  5:00  Zergling x12  
  65  5:08  Zergling x4  
  50  5:28  Baneling x2  
  44  5:43  Queen  
  44  5:44  Queen  
  50  5:59  Drone x11  
  61  6:07  Drone x3, Extractor  
  61  6:09  Extractor  
  61  6:10  Extractor  
  59  6:28  Lair  
  59  6:33  Drone x5  
  64  7:13  Drone  
  64  7:14  Drone x2  
  67  7:15  Drone  
  67  7:16  Drone x2  
  67  7:19  Drone x3  
  74  7:22  Drone  
  74  7:23  Drone x2, Extractor  
  75  7:33  Infestation Pit  
  75  7:34  Centrifical Hooks  
  75  7:35  Hydralisk Den  
  73  7:38  Zerg Melee Weapons Level 2  
  73  7:43  Zergling x16  
  81  7:47  Overlord x7  
  81  8:15  Hydralisk x3  
  81  8:16  Hydralisk x5  
  81  8:18  Zergling x10  
  102  8:24  Hatchery  
  102  8:26  Muscular Augments, Extractor  
  90  8:44  Hydralisk x4  
  84  9:03  Hydralisk x4  
  84  9:05  Zergling x4  
  84  9:06  Zergling x6  
  97  9:11  Queen  
  99  9:22  Zerg Ground Armor Level 2  
  99  9:29  Drone  
  99  9:30  Drone x2  
  102  9:33  Overlord  
  102  9:34  Overlord x3  
  102  9:36  Hydralisk x2, Hatchery  
  105  9:40  Baneling x5  
  105  9:48  Drone  
  105  9:49  Drone x6  
  112  9:53  Drone  
  112  9:58  Drone x2  
  115  10:05  Hydralisk x5  
  125  10:09  Hydralisk x2  
  129  10:15  Hydralisk x2  
  129  10:20  Drone x5  
  138  10:28  Hydralisk x2  
  140  10:34  Baneling x12  
  142  10:36  Hydralisk  
  142  10:38  Zergling x14  
  142  10:41  Zergling x6  
  154  10:47  Hive  
  154  10:52  Drone x2  
  154  10:53  Drone x7  
  154  10:56  Extractor  
  162  10:57  Extractor  
  161  11:05  Hatchery  
  160  11:16  Hydralisk x6  
  172  11:22  Baneling  
  172  11:23  Baneling x11  
  172  11:24  Baneling  
  172  11:26  Zergling x2  
  172  11:29  Overlord x6  
  173  11:42  Overlord x2  
  173  11:46  Overseer  
  173  11:47  Overseer  
  173  11:51  Hydralisk x8  
  189  12:13  Hydralisk x5  
Tags
 
League
GoldGold
Matchup
TvZ
Spawn Locations
Cross Positions
Add a new tag
Caveats
  • Supply blocks, unpowered buildings, or Contaminate may cause inaccurate times.
  • Supply counts are checked every 10 seconds.